Penguins vs Flyers
Created - December 20, 2020 at 21:34
Goals
|
| Penguins |
0 |
2 |
1 |
3 |
| Flyers |
0 |
3 |
3 |
6 |
|
Shots
|
| Penguins |
9 |
15 |
17 |
41 |
| Flyers |
14 |
18 |
6 |
38 |
|
1st period
No Goal
Penalties :
Andreas Martinsen (Pit) for Hooking (Minor) at 8:45
2nd period
1. Flyers , Jordan Nolan 14 (Jakub Voracek 17, Marcus Kruger 15) at 7:26
2. Flyers , Jeff Carter 10 (J.T. Miller 12, Matt Smaby 7) at 10:03
3. Penguins , Logan Couture 6 (Dustin Brown 3, Alexei Marchenko 4) at 14:07
4. Flyers , Chris Mcallister 7 (Jonathan Ericsson 13) at 17:57
5. Penguins , Steven Stamkos 19 (Nikita Kucherov 17, Andrew Cogliano 16) at 19:32
Penalties :
Jordan Nolan (Phi) for Roughing (Minor) at 0:27, Brock Nelson (Phi) for Hooking (Minor) at 14:33
3rd period
6. Flyers , Brock Nelson 2 (Jakub Voracek 18, Jordan Nolan 15) at 3:43
7. Flyers , Jakub Voracek 10 (Jordan Nolan 16, Brock Nelson 9) at 6:24
8. Flyers , Jeff Carter 11 (Jeff Woywitka 12, Marcus Kruger 16) at 9:30
9. Penguins , Viktor Arvidsson 5 (Sean Monahan 8, Sean Zimmerman 17) at 15:19
Penalties :
Alexei Marchenko (Pit) for Holding (Minor) at 11:37, Jeff Carter (Phi) for Roughing (Minor) at 15:22, Marian Hossa (Pit) for Hooking (Minor) at 17:33
Goalie Stats
Michal Neuvirth (Pit), 32 saves from 38 shots - (0.842), L, 10-10-2, 60:00 minutes
Steve Mason (Phi), 38 saves from 41 shots - (0.927), W, 11-6-5, 60:00 minutes
Players Stats for Penguins
Player Name G A P +/- PIM S H SB GA TA FO MP PP MP PK MP
------------------------------------------------------------------------------------
Adam Larsson 0 0 0 -2 0 0 0 0 0 0 0/0 18:42 1:52 2:51
Alexei Marchenko 0 1 1 1 2 1 0 0 0 0 0/0 11:02 0:00 0:00
Andreas Martinsen 0 0 0 -1 2 1 0 0 0 0 0/0 7:44 0:00 0:32
Andrew Cogliano 0 1 1 -1 0 3 0 0 0 0 2/2 23:58 3:11 3:01
Danny DeKeiser 0 0 0 -2 0 3 0 4 0 0 0/0 18:42 1:52 2:51
Dustin Brown 0 1 1 -1 0 2 1 0 0 0 1/1 12:04 2:43 0:00
Eric Gryba 0 0 0 1 0 1 1 2 0 0 0/0 10:52 0:00 0:00
Joe Colborne 0 0 0 -1 0 0 0 0 1 0 0/2 6:36 0:03 0:00
Keith Aulie 0 0 0 -2 0 4 0 1 2 0 0/0 30:26 4:05 3:06
Logan Couture 1 0 1 -1 0 2 0 0 0 0 2/7 9:40 0:00 0:13
Marcus Foligno 0 0 0 -1 0 3 3 1 1 0 0/0 10:00 0:03 0:18
Marian Hossa 0 0 0 -1 2 0 0 0 0 0 0/0 6:39 0:03 0:00
Nikita Kucherov 0 1 1 -1 0 4 3 0 2 0 3/4 22:17 3:11 1:48
Sean Monahan 0 1 1 0 0 2 0 0 0 1 5/21 18:02 2:43 1:03
Sean Zimmerman 0 1 1 -2 0 3 2 1 0 0 0/0 30:26 4:05 3:06
Steven Stamkos 1 0 1 -1 0 5 1 0 2 1 21/33 24:08 3:11 3:11
Thomas Vanek 0 0 0 0 0 3 1 0 2 0 1/2 18:40 2:43 1:48
Viktor Arvidsson 1 0 1 0 0 4 0 0 0 2 1/1 14:02 0:00 0:00
Players Stats for Flyers
Player Name G A P +/- PIM S H SB GA TA FO MP PP MP PK MP
------------------------------------------------------------------------------------
Brock Nelson 1 1 2 3 2 3 0 1 1 0 1/1 14:56 0:00 0:00
Chris Mcallister 1 0 1 -1 0 2 1 1 1 0 0/0 9:42 0:00 3:01
Drew Miller 0 0 0 0 0 2 1 0 0 3 1/3 16:23 2:13 2:47
Dylan Olsen 0 0 0 1 0 0 0 1 0 2 0/0 20:18 0:02 3:04
Erik Christensen 0 0 0 0 0 2 0 0 0 0 6/16 12:38 0:05 1:11
J.T. Miller 0 1 1 1 0 5 0 0 1 0 0/1 19:02 3:44 0:09
Jakub Voracek 1 2 3 3 0 4 0 0 0 0 0/1 17:20 2:13 0:00
Jeff Carter 2 0 2 1 2 5 0 1 0 1 15/26 18:50 3:44 0:00
Jeff Woywitka 0 1 1 1 0 0 0 1 0 0 0/0 24:23 4:06 2:53
Jonathan Ericsson 0 1 1 1 0 1 1 1 0 0 0/0 21:03 4:06 2:53
Jordan Nolan 1 2 3 3 2 2 3 0 0 1 8/17 19:00 2:08 1:45
Marcus Kruger 0 2 2 1 0 5 0 1 0 0 3/3 18:39 3:44 0:00
Mats Zuccarello 0 0 0 0 0 2 0 0 1 0 1/1 11:07 0:00 0:00
Matt Smaby 0 1 1 1 0 3 1 1 0 0 0/0 16:06 0:00 0:00
Matthew Lombardi 0 0 0 -1 0 1 1 1 0 0 2/4 9:42 0:00 3:01
Nathan Beaulieu 0 0 0 1 0 1 0 2 0 0 0/0 15:21 1:51 0:00
Oliver Ekman-Larsson 0 0 0 1 0 0 1 1 0 3 0/0 22:49 1:49 3:04
Ryan Callahan 0 0 0 -1 0 0 1 1 0 0 0/0 6:41 0:00 0:00
3 Stars
1 - Jakub Voracek (Phi)
2 - Jordan Nolan (Phi)
3 - Jeff Carter (Phi)
Power Play
Penguins - 0 on 3 Attempt(s) - 0.00%
Flyers - 0 on 3 Attempt(s) - 0.00%
Penalty Kill
Penguins - 3 on 3 Attempt(s) - 100.00%
- Score 0 goal in Penalty Kill
Flyers - 3 on 3 Attempt(s) - 100.00%
- Score 0 goal in Penalty Kill
Team Stat
Penguins - Hits : 12 - Faceoff Wins : 36 - Blocked Shots : 9 - Penalty Minutes : 6
Flyers - Hits : 10 - Faceoff Wins : 37 - Blocked Shots : 13 - Penalty Minutes : 6
Official
Referees : Unknown
Linesman : Unknown
Game Notes
No Game Note
Finance
Level 1 -- Attendance: 4406 (73.43%) -- Ticket Income $550,750
Level 2 -- Attendance: 3722 (74.44%) -- Ticket Income $279,150
Level 3 -- Attendance: 1287 (64.35%) -- Ticket Income $64,350
Level 4 -- Attendance: 2610 (65.25%) -- Ticket Income $104,400
Luxury Box -- Attendance: 639 (63.90%) -- Ticket Income $159,750
Game was played at the Wells Fargo Center.
Total Attendance: 12664 (70.36%)
Total Ticket Income: $1,158,400
Other Income: $173,760
Total Income: $1,332,160
Penguins
5 vs 5 Forward
Center Left Wing Right Wing Time % Phy DF OF
1 Steven Stamkos Andrew Cogliano Nikita Kucherov 40 1 2 2
2 Sean Monahan Thomas Vanek Viktor Arvidsson 30 1 2 2
3 Logan Couture Marcus Foligno Dustin Brown 20 1 2 2
4 Joe Colborne Andreas Martinsen Marian Hossa 10 1 2 2
5 vs 5 Defense
Defense Defense Time % Phy DF OF
1 Sean Zimmerman Keith Aulie 40 1 2 2
2 Adam Larsson Danny DeKeiser 30 1 2 2
3 Eric Gryba Alexei Marchenko 20 1 2 2
4 Sean Zimmerman Keith Aulie 10 1 2 2
PowerPlay Forward
Center Left Wing Right Wing Time % Phy DF OF
1 Steven Stamkos Andrew Cogliano Nikita Kucherov 60 1 2 2
2 Sean Monahan Thomas Vanek Dustin Brown 40 1 2 2
PowerPlay Defense
Defense Defense Time % Phy DF OF
1 Sean Zimmerman Keith Aulie 60 1 2 2
2 Adam Larsson Danny DeKeiser 40 1 2 2
Penalty Kill 4 Players Forward
Center Wing Time % Phy DF OF
1 Steven Stamkos Andrew Cogliano 60 1 2 2
2 Nikita Kucherov Thomas Vanek 40 1 2 2
Penalty Kill 4 Players Defense
Defense Defense Time % Phy DF OF
1 Sean Zimmerman Keith Aulie 60 1 2 2
2 Adam Larsson Danny DeKeiser 40 1 2 2
Penalty Kill - 3 Players Forward
Forward Time % Phy DF OF
1 Steven Stamkos 60 1 2 2
2 Andrew Cogliano 40 1 2 2
Penalty Kill - 3 Players Defense
Defense Defense Time % Phy DF OF
1 Sean Zimmerman Keith Aulie 60 1 2 2
2 Adam Larsson Danny DeKeiser 40 1 2 2
4 vs 4 Forward
Center Wing Time % Phy DF OF
1 Steven Stamkos Andrew Cogliano 60 1 2 2
2 Nikita Kucherov Thomas Vanek 40 1 2 2
4 vs 4 Defense
Defense Defense Time % Phy DF OF
1 Sean Zimmerman Keith Aulie 60 1 2 2
2 Adam Larsson Danny DeKeiser 40 1 2 2
Last Minutes Offensive
Center Left Wing Right Wing Defense Defense
Steven Stamkos Andrew Cogliano Nikita Kucherov Sean Zimmerman Keith Aulie
Last Minutes Defensive
Center Left Wing Right Wing Defense Defense
Steven Stamkos Andrew Cogliano Nikita Kucherov Sean Zimmerman Keith Aulie
Goaltenders
Starting : Michal Neuvirth
Backup : Sergei Bobrovsky
Extra Forwards
Normal : Marcus Foligno, Joe Colborne, Sean Monahan - PP : Marcus Foligno, Joe Colborne - PK : Sean Monahan
Extra Defensemen
Normal : Eric Gryba, Alexei Marchenko, Keith Aulie - PP : Eric Gryba - PK : Alexei Marchenko, Keith Aulie
Penalty Shots
Steven Stamkos, Andrew Cogliano, Nikita Kucherov, Thomas Vanek, Logan Couture
Scratches
None
Flyers
5 vs 5 Forward
Center Left Wing Right Wing Time % Phy DF OF
1 Jeff Carter J.T. Miller Marcus Kruger 33 0 1 4
2 Jordan Nolan Brock Nelson Jakub Voracek 32 0 1 4
3 Erik Christensen Drew Miller Mats Zuccarello 25 0 2 3
4 Matthew Lombardi Chris Mcallister Ryan Callahan 10 0 4 1
5 vs 5 Defense
Defense Defense Time % Phy DF OF
1 Oliver Ekman-Larsson Jonathan Ericsson 30 1 3 1
2 Jeff Woywitka Nathan Beaulieu 30 1 3 1
3 Dylan Olsen Matt Smaby 30 1 3 1
4 Oliver Ekman-Larsson Jeff Woywitka 10 1 3 1
PowerPlay Forward
Center Left Wing Right Wing Time % Phy DF OF
1 Jeff Carter J.T. Miller Marcus Kruger 50 0 1 4
2 Jordan Nolan Drew Miller Jakub Voracek 50 0 1 4
PowerPlay Defense
Defense Defense Time % Phy DF OF
1 Oliver Ekman-Larsson Nathan Beaulieu 50 0 2 3
2 Jonathan Ericsson Jeff Woywitka 50 0 2 3
Penalty Kill 4 Players Forward
Center Wing Time % Phy DF OF
1 Matthew Lombardi Chris Mcallister 50 0 4 1
2 Jordan Nolan Drew Miller 50 0 4 1
Penalty Kill 4 Players Defense
Defense Defense Time % Phy DF OF
1 Oliver Ekman-Larsson Dylan Olsen 50 1 4 0
2 Jeff Woywitka Jonathan Ericsson 50 1 4 0
Penalty Kill - 3 Players Forward
Forward Time % Phy DF OF
1 Matthew Lombardi 50 0 4 1
2 Jordan Nolan 50 0 4 1
Penalty Kill - 3 Players Defense
Defense Defense Time % Phy DF OF
1 Oliver Ekman-Larsson Dylan Olsen 50 1 4 0
2 Jeff Woywitka Jonathan Ericsson 50 1 4 0
4 vs 4 Forward
Center Wing Time % Phy DF OF
1 Jeff Carter J.T. Miller 50 0 2 3
2 Jordan Nolan Jakub Voracek 50 0 2 3
4 vs 4 Defense
Defense Defense Time % Phy DF OF
1 Oliver Ekman-Larsson Nathan Beaulieu 50 1 3 1
2 Jeff Woywitka Jonathan Ericsson 50 1 3 1
Last Minutes Offensive
Center Left Wing Right Wing Defense Defense
Jeff Carter J.T. Miller Jakub Voracek Oliver Ekman-Larsson Jeff Woywitka
Last Minutes Defensive
Center Left Wing Right Wing Defense Defense
Matthew Lombardi Drew Miller Mats Zuccarello Oliver Ekman-Larsson Dylan Olsen
Goaltenders
Starting : Steve Mason
Backup : Ray Emery
Extra Forwards
Normal : Jeff Carter, Jordan Nolan, Drew Miller - PP : Jeff Carter, Jordan Nolan - PK : Drew Miller
Extra Defensemen
Normal : Oliver Ekman-Larsson, Jeff Woywitka, Jonathan Ericsson - PP : Oliver Ekman-Larsson - PK : Oliver Ekman-Larsson, Jeff Woywitka
Penalty Shots
Jeff Carter, Jordan Nolan, J.T. Miller, Marcus Kruger, Jakub Voracek
Scratches
Brian Lashoff (Healthy)
% Time on Ice - Penguins
Lines # - Real PCT - Wanted PCT - Time Play
Normal Forward
1 - 38% - 40% - 18:09
2 - 29% - 30% - 14:09
3 - 20% - 20% - 9:27
4 - 13% - 10% - 6:21
Normal Defense
1 - 42% - 40% - 19:59
2 - 29% - 30% - 13:59
3 - 23% - 20% - 10:52
4 - 7% - 10% - 3:16
PP Forward
1 - 54% - 60% - 3:14
2 - 46% - 40% - 2:43
PP Defense
1 - 69% - 60% - 4:05
2 - 31% - 40% - 1:52
PK Forward
1 - 70% - 60% - 4:09
2 - 30% - 40% - 1:48
PK Defense
1 - 52% - 60% - 3:06
2 - 48% - 40% - 2:51
PK3 Forward
1 - 0% - 60%
2 - 0% - 40%
PK3 Defense
1 - 0% - 60%
2 - 0% - 40%
44 Forward
1 - 0% - 60%
2 - 0% - 40%
44 Defense
1 - 0% - 60%
2 - 0% - 40%
Last Minute Offensive - 0:00
Last Minute Defensive - 0:00
Total
Forward - 60:00
Defense - 60:00
|
% Time on Ice - Flyers
Lines # - Real PCT - Wanted PCT - Time Play
Normal Forward
1 - 31% - 33% - 14:59
2 - 32% - 32% - 15:19
3 - 23% - 25% - 11:07
4 - 14% - 10% - 6:41
Normal Defense
1 - 30% - 30% - 14:36
2 - 28% - 30% - 13:37
3 - 33% - 30% - 16:06
4 - 8% - 10% - 3:47
PP Forward
1 - 63% - 50% - 3:44
2 - 37% - 50% - 2:13
PP Defense
1 - 31% - 50% - 1:51
2 - 69% - 50% - 4:06
PK Forward
1 - 53% - 50% - 3:10
2 - 47% - 50% - 2:47
PK Defense
1 - 52% - 50% - 3:04
2 - 48% - 50% - 2:53
PK3 Forward
1 - 0% - 50%
2 - 0% - 50%
PK3 Defense
1 - 0% - 50%
2 - 0% - 50%
44 Forward
1 - 0% - 50%
2 - 0% - 50%
44 Defense
1 - 0% - 50%
2 - 0% - 50%
Last Minute Offensive - 0:00
Last Minute Defensive - 0:00
Total
Forward - 60:00
Defense - 60:00
|
Play-by-Play
1st period
0:01 of 1st period - Jeff Carter wins face-off versus Steven Stamkos in neutral zone.
0:16 of 1st period - Keith Aulie is hit by Oliver Ekman-Larsson and loses puck.
0:25 of 1st period - Jonathan Ericsson is hit by Steven Stamkos and loses puck.
0:46 of 1st period - Slapshot by Andrew Cogliano.
0:46 of 1st period - Stopped by Steve Mason with a rebound.
0:52 of 1st period - Snap shot by Nikita Kucherov.
0:52 of 1st period - Stopped by Steve Mason with a rebound.
0:54 of 1st period - Slapshot by Keith Aulie.
0:54 of 1st period - Stopped by Steve Mason without a rebound.
0:55 of 1st period - Jordan Nolan wins face-off versus Sean Monahan in Flyers zone.
1:07 of 1st period - Brock Nelson is hit by Thomas Vanek and loses puck.
1:12 of 1st period - Wrist shot by Sean Monahan.
1:12 of 1st period - Shot Blocked by Nathan Beaulieu.
1:29 of 1st period - Snap shot by Marcus Foligno.
1:29 of 1st period - Shot Blocked by Nathan Beaulieu.
1:31 of 1st period - Backhand shot by Alexei Marchenko.
1:31 of 1st period - Shot Misses the Net.
1:41 of 1st period - Snap shot by Chris Mcallister.
1:41 of 1st period - Shot Misses the Net.
1:47 of 1st period - Snap shot by Matthew Lombardi.
1:47 of 1st period - Stopped by Michal Neuvirth with a rebound.
2:23 of 1st period - Wrist shot by Jordan Nolan.
2:23 of 1st period - Shot Misses the Net.
3:13 of 1st period - Snap shot by Logan Couture.
3:13 of 1st period - Shot Misses the Net.
3:15 of 1st period - Wrist shot by Marcus Foligno.
3:15 of 1st period - Deflect By Dustin Brown.
3:15 of 1st period - Stopped by Steve Mason without a rebound.
3:16 of 1st period - Jordan Nolan wins face-off versus Logan Couture in Flyers zone.
3:25 of 1st period - Jonathan Ericsson is hit by Eric Gryba and loses puck.
4:32 of 1st period - Oliver Ekman-Larsson is hit by Marcus Foligno and loses puck.
4:37 of 1st period - Wrist shot by Marcus Foligno.
4:37 of 1st period - Stopped by Steve Mason with a rebound.
4:39 of 1st period - Wrist shot by Marcus Foligno.
4:39 of 1st period - Deflect By Jonathan Ericsson.
4:39 of 1st period - Shot Blocked by Jonathan Ericsson.
4:39 of 1st period - Puck is out of play.
4:40 of 1st period - Sean Monahan wins face-off versus Erik Christensen in Flyers zone.
5:19 of 1st period - Slapshot by Marcus Kruger.
5:19 of 1st period - Stopped by Michal Neuvirth with a rebound.
5:33 of 1st period - Joe Colborne is hit by Ryan Callahan and loses puck.
6:14 of 1st period - Marcus Kruger is hit by Nikita Kucherov and loses puck.
6:27 of 1st period - Joe Colborne is hit by Chris Mcallister and loses puck.
6:44 of 1st period - Thomas Vanek is hit by Matt Smaby and loses puck.
7:11 of 1st period - Wrist shot by Chris Mcallister.
7:11 of 1st period - Stopped by Michal Neuvirth with a rebound.
7:13 of 1st period - Slapshot by Matt Smaby.
7:13 of 1st period - Stopped by Michal Neuvirth without a rebound.
7:14 of 1st period - Jordan Nolan wins face-off versus Logan Couture in Penguins zone.
7:15 of 1st period - Wrist shot by Brock Nelson.
7:15 of 1st period - Stopped by Michal Neuvirth without a rebound.
7:16 of 1st period - Steven Stamkos wins face-off versus Jordan Nolan in Penguins zone.
7:33 of 1st period - Snap shot by Jakub Voracek.
7:33 of 1st period - Stopped by Michal Neuvirth with a rebound.
7:39 of 1st period - Wrist shot by Jordan Nolan.
7:39 of 1st period - Shot Blocked by Eric Gryba.
7:52 of 1st period - Snap shot by Steven Stamkos.
7:52 of 1st period - Shot Misses the Net.
7:54 of 1st period - Snap shot by Alexei Marchenko.
7:54 of 1st period - Shot Misses the Net.
7:56 of 1st period - Slapshot by Steven Stamkos.
7:56 of 1st period - Stopped by Steve Mason with a rebound.
8:14 of 1st period - Wrist shot by Nikita Kucherov.
8:14 of 1st period - Shot Misses the Net.
8:16 of 1st period - Wrist shot by Alexei Marchenko.
8:16 of 1st period - Deflect By Steven Stamkos.
8:16 of 1st period - Shot Blocked by Brock Nelson.
8:16 of 1st period - Puck is out of play.
8:17 of 1st period - Thomas Vanek wins face-off versus Jeff Carter in Flyers zone.
8:45 of 1st period - Minor Penalty to Andreas Martinsen for Hooking.
8:46 of 1st period - Steven Stamkos wins face-off versus Jeff Carter in Penguins zone.
10:45 of 1st period - Penalty to Andreas Martinsen is over, Andreas Martinsen is back on ice.
11:02 of 1st period - Adam Larsson is hit by Matthew Lombardi and loses puck.
11:57 of 1st period - Snap shot by Viktor Arvidsson.
11:57 of 1st period - Stopped by Steve Mason with a rebound.
11:59 of 1st period - Slapshot by Sean Zimmerman.
11:59 of 1st period - Stopped by Steve Mason without a rebound.
12:00 of 1st period - Jordan Nolan wins face-off versus Logan Couture in Flyers zone.
12:05 of 1st period - Keith Aulie is hit by Jordan Nolan and loses puck.
13:23 of 1st period - Snap shot by Sean Monahan.
13:23 of 1st period - Stopped by Steve Mason with a rebound.
13:39 of 1st period - Wrist shot by Mats Zuccarello.
13:39 of 1st period - Deflect By Drew Miller.
13:39 of 1st period - Stopped by Michal Neuvirth without a rebound.
13:40 of 1st period - Steven Stamkos wins face-off versus Drew Miller in Penguins zone.
13:53 of 1st period - Wrist shot by Mats Zuccarello.
13:53 of 1st period - Stopped by Michal Neuvirth with a rebound.
13:55 of 1st period - Snap shot by Mats Zuccarello.
13:55 of 1st period - Stopped by Michal Neuvirth with a rebound.
13:57 of 1st period - Wrist shot by Mats Zuccarello.
13:57 of 1st period - Shot Hit the Post.
14:12 of 1st period - Slapshot by Matt Smaby.
14:12 of 1st period - Shot Blocked by Eric Gryba.
15:27 of 1st period - Snap shot by Steven Stamkos.
15:27 of 1st period - Shot Blocked by Oliver Ekman-Larsson.
15:41 of 1st period - Snap shot by Mats Zuccarello.
15:41 of 1st period - Deflect By Erik Christensen.
15:41 of 1st period - Stopped by Michal Neuvirth with a rebound.
15:45 of 1st period - Snap shot by Erik Christensen.
15:45 of 1st period - Deflect By Drew Miller.
15:45 of 1st period - Shot Blocked by Danny DeKeiser.
15:45 of 1st period - Puck is out of play.
15:46 of 1st period - Sean Monahan wins face-off versus Jeff Carter in Penguins zone.
15:59 of 1st period - Snap shot by Sean Monahan.
15:59 of 1st period - Shot Blocked by Jeff Carter.
17:35 of 1st period - Brock Nelson is hit by Marcus Foligno and loses puck.
17:44 of 1st period - Wrist shot by Marcus Foligno.
17:44 of 1st period - Shot Misses the Net.
18:20 of 1st period - Icing by Matt Smaby.
18:21 of 1st period - Steven Stamkos wins face-off versus Erik Christensen in Flyers zone.
18:24 of 1st period - Wrist shot by Nikita Kucherov.
18:24 of 1st period - Shot Blocked by Dylan Olsen.
18:57 of 1st period - Off-side.
18:58 of 1st period - Jeff Carter wins face-off versus Sean Monahan in neutral zone.
19:01 of 1st period - Snap shot by Marcus Kruger.
19:01 of 1st period - Stopped by Michal Neuvirth without a rebound.
19:02 of 1st period - Jeff Carter wins face-off versus Sean Monahan in Penguins zone.
19:03 of 1st period - Wrist shot by Marcus Kruger.
19:03 of 1st period - Stopped by Michal Neuvirth with a rebound.
19:05 of 1st period - Wrist shot by J.T. Miller.
19:05 of 1st period - Stopped by Michal Neuvirth without a rebound.
19:06 of 1st period - Jeff Carter wins face-off versus Sean Monahan in Penguins zone.
19:09 of 1st period - Wrist shot by J.T. Miller.
19:09 of 1st period - Stopped by Michal Neuvirth without a rebound.
19:10 of 1st period - Marcus Kruger wins face-off versus Steven Stamkos in Penguins zone.
Goals for this period are 0 for Penguins vs 0 for Flyers.
Shots for this period are 9 for Penguins vs 14 for Flyers.
2nd period
0:01 of 2nd period - Steven Stamkos wins face-off versus J.T. Miller in neutral zone.
0:14 of 2nd period - Wrist shot by Jeff Carter.
0:14 of 2nd period - Stopped by Michal Neuvirth with a rebound.
0:27 of 2nd period - Minor Penalty to Jordan Nolan for Roughing.
0:28 of 2nd period - Andrew Cogliano wins face-off versus Matthew Lombardi in Flyers zone.
0:41 of 2nd period - Snap shot by Chris Mcallister.
0:41 of 2nd period - Shot Misses the Net.
0:43 of 2nd period - Wrist shot by Chris Mcallister.
0:43 of 2nd period - Deflect By Matthew Lombardi.
0:43 of 2nd period - Shot Misses the Net.
0:43 of 2nd period - Puck is out of play.
0:44 of 2nd period - Nikita Kucherov wins face-off versus Erik Christensen in Penguins zone.
0:51 of 2nd period - Slapshot by Sean Zimmerman.
0:51 of 2nd period - Stopped by Steve Mason with a rebound.
2:03 of 2nd period - Snap shot by Steven Stamkos.
2:03 of 2nd period - Shot Misses the Net.
2:05 of 2nd period - Wrist shot by Sean Zimmerman.
2:05 of 2nd period - Shot Misses the Net.
2:07 of 2nd period - Slapshot by Keith Aulie.
2:07 of 2nd period - Stopped by Steve Mason with a rebound.
2:09 of 2nd period - Slapshot by Sean Zimmerman.
2:09 of 2nd period - Stopped by Steve Mason without a rebound.
2:10 of 2nd period - Steven Stamkos wins face-off versus Erik Christensen in Flyers zone.
2:13 of 2nd period - Slapshot by Steven Stamkos.
2:13 of 2nd period - Stopped by Steve Mason without a rebound.
2:14 of 2nd period - Steven Stamkos wins face-off versus Erik Christensen in Flyers zone.
2:27 of 2nd period - Penalty to Jordan Nolan is over, Jordan Nolan is back on ice.
2:53 of 2nd period - Wrist shot by Brock Nelson.
2:53 of 2nd period - Stopped by Michal Neuvirth without a rebound.
2:54 of 2nd period - Sean Monahan wins face-off versus Jeff Carter in Penguins zone.
3:52 of 2nd period - Snap shot by Marian Hossa.
3:52 of 2nd period - Deflect By Joe Colborne.
3:52 of 2nd period - Shot Misses the Net.
3:52 of 2nd period - Puck is out of play.
3:53 of 2nd period - Brock Nelson wins face-off versus Joe Colborne in Flyers zone.
4:28 of 2nd period - Slapshot by Brock Nelson.
4:28 of 2nd period - Shot Misses the Net.
4:30 of 2nd period - Backhand shot by Jordan Nolan.
4:30 of 2nd period - Shot Misses the Net.
4:32 of 2nd period - Snap shot by Jordan Nolan.
4:32 of 2nd period - Shot Misses the Net.
4:34 of 2nd period - Wrist shot by Brock Nelson.
4:34 of 2nd period - Shot Misses the Net.
4:36 of 2nd period - Slapshot by Matt Smaby.
4:36 of 2nd period - Deflect By Sean Zimmerman.
4:36 of 2nd period - Stopped by Michal Neuvirth without a rebound.
4:37 of 2nd period - Jeff Carter wins face-off versus Steven Stamkos in Penguins zone.
4:44 of 2nd period - Snap shot by J.T. Miller.
4:44 of 2nd period - Stopped by Michal Neuvirth with a rebound.
4:50 of 2nd period - Slapshot by Adam Larsson.
4:50 of 2nd period - Shot Misses the Net.
4:52 of 2nd period - Slapshot by Danny DeKeiser.
4:52 of 2nd period - Deflect By J.T. Miller.
4:52 of 2nd period - Stopped by Steve Mason with a rebound.
4:54 of 2nd period - Wrist shot by Nikita Kucherov.
4:54 of 2nd period - Stopped by Steve Mason with a rebound.
5:03 of 2nd period - Icing by Mats Zuccarello.
5:04 of 2nd period - Erik Christensen wins face-off versus Sean Monahan in Flyers zone.
5:36 of 2nd period - Snap shot by Drew Miller.
5:36 of 2nd period - Stopped by Michal Neuvirth without a rebound.
5:37 of 2nd period - Jeff Carter wins face-off versus Steven Stamkos in Penguins zone.
5:48 of 2nd period - Snap shot by J.T. Miller.
5:48 of 2nd period - Shot Misses the Net.
5:53 of 2nd period - Off-side.
5:54 of 2nd period - Jordan Nolan wins face-off versus Sean Monahan in neutral zone.
5:59 of 2nd period - Keith Aulie is hit by Jordan Nolan and loses puck.
6:29 of 2nd period - Snap shot by Jeff Carter.
6:29 of 2nd period - Stopped by Michal Neuvirth without a rebound.
6:30 of 2nd period - Erik Christensen wins face-off versus Sean Monahan in Penguins zone.
6:31 of 2nd period - Wrist shot by Mats Zuccarello.
6:31 of 2nd period - Deflect By Danny DeKeiser.
6:31 of 2nd period - Shot Blocked by Danny DeKeiser.
6:31 of 2nd period - Puck is out of play.
6:32 of 2nd period - Erik Christensen wins face-off versus Sean Monahan in Penguins zone.
7:22 of 2nd period - Snap shot by Jordan Nolan.
7:22 of 2nd period - Shot Misses the Net.
7:24 of 2nd period - Snap shot by Jakub Voracek.
7:24 of 2nd period - Stopped by Michal Neuvirth with a rebound.
7:26 of 2nd period - Wrist shot by Jordan Nolan.
7:26 of 2nd period - Goal by Jordan Nolan - Penguins : 0 - Flyers : 1.
7:27 of 2nd period - Jeff Carter wins face-off versus Steven Stamkos in neutral zone.
8:10 of 2nd period - Icing by Jonathan Ericsson.
8:11 of 2nd period - Sean Monahan wins face-off versus Erik Christensen in Flyers zone.
8:22 of 2nd period - Adam Larsson is hit by Drew Miller and loses puck.
8:31 of 2nd period - Snap shot by Drew Miller.
8:31 of 2nd period - Deflect By Mats Zuccarello.
8:31 of 2nd period - Shot Misses the Net.
8:31 of 2nd period - Puck is out of play.
8:32 of 2nd period - Dustin Brown wins face-off versus Jeff Carter in Penguins zone.
9:09 of 2nd period - Slapshot by Jakub Voracek.
9:09 of 2nd period - Stopped by Michal Neuvirth without a rebound.
9:10 of 2nd period - Jeff Carter wins face-off versus Thomas Vanek in Penguins zone.
9:17 of 2nd period - Snap shot by Jeff Carter.
9:17 of 2nd period - Stopped by Michal Neuvirth without a rebound.
9:18 of 2nd period - Marcus Kruger wins face-off versus Sean Monahan in Penguins zone.
9:19 of 2nd period - Snap shot by J.T. Miller.
9:19 of 2nd period - Stopped by Michal Neuvirth with a rebound.
9:21 of 2nd period - Snap shot by Dylan Olsen.
9:21 of 2nd period - Shot Blocked by Danny DeKeiser.
9:51 of 2nd period - Snap shot by Viktor Arvidsson.
9:51 of 2nd period - Shot Blocked by Matt Smaby.
10:03 of 2nd period - Slapshot by Jeff Carter.
10:03 of 2nd period - Goal by Jeff Carter - Penguins : 0 - Flyers : 2.
10:04 of 2nd period - Steven Stamkos wins face-off versus Jakub Voracek in neutral zone.
10:36 of 2nd period - Wrist shot by Logan Couture.
10:36 of 2nd period - Shot Blocked by Jeff Woywitka.
11:25 of 2nd period - Icing by Sean Zimmerman.
11:26 of 2nd period - Marcus Kruger wins face-off versus Joe Colborne in Penguins zone.
11:44 of 2nd period - Snap shot by J.T. Miller.
11:44 of 2nd period - Shot Blocked by Sean Zimmerman.
11:46 of 2nd period - Slapshot by Jonathan Ericsson.
11:46 of 2nd period - Stopped by Michal Neuvirth without a rebound.
11:47 of 2nd period - Steven Stamkos wins face-off versus Jordan Nolan in Penguins zone.
11:54 of 2nd period - Snap shot by Andrew Cogliano.
11:54 of 2nd period - Shot Misses the Net.
11:56 of 2nd period - Snap shot by Danny DeKeiser.
11:56 of 2nd period - Deflect By Jakub Voracek.
11:56 of 2nd period - Stopped by Steve Mason without a rebound.
11:57 of 2nd period - Steven Stamkos wins face-off versus Jordan Nolan in Flyers zone.
12:36 of 2nd period - Snap shot by Jordan Nolan.
12:36 of 2nd period - Stopped by Michal Neuvirth with a rebound.
12:58 of 2nd period - Wrist shot by Steven Stamkos.
12:58 of 2nd period - Shot Misses the Net.
13:00 of 2nd period - Slapshot by Danny DeKeiser.
13:00 of 2nd period - Stopped by Steve Mason without a rebound.
13:01 of 2nd period - Jeff Carter wins face-off versus Sean Monahan in Flyers zone.
13:12 of 2nd period - Jeff Woywitka is hit by Sean Zimmerman and loses puck.
13:36 of 2nd period - Wrist shot by Marcus Foligno.
13:36 of 2nd period - Stopped by Steve Mason with a rebound.
14:05 of 2nd period - Backhand shot by Logan Couture.
14:05 of 2nd period - Stopped by Steve Mason with a rebound.
14:07 of 2nd period - Slapshot by Logan Couture.
14:07 of 2nd period - Goal by Logan Couture - Penguins : 1 - Flyers : 2.
14:08 of 2nd period - Jeff Carter wins face-off versus Steven Stamkos in neutral zone.
14:15 of 2nd period - Sean Zimmerman is hit by Jonathan Ericsson and loses puck.
14:22 of 2nd period - Wrist shot by J.T. Miller.
14:22 of 2nd period - Stopped by Michal Neuvirth with a rebound.
14:24 of 2nd period - Slapshot by Jonathan Ericsson.
14:24 of 2nd period - Shot Misses the Net.
14:33 of 2nd period - Minor Penalty to Brock Nelson for Hooking.
14:34 of 2nd period - Steven Stamkos wins face-off versus Matthew Lombardi in Flyers zone.
15:07 of 2nd period - Wrist shot by Dustin Brown.
15:07 of 2nd period - Shot Misses the Net.
15:25 of 2nd period - Drew Miller is hit by Nikita Kucherov.
16:33 of 2nd period - Penalty to Brock Nelson is over, Brock Nelson is back on ice.
17:46 of 2nd period - Sean Zimmerman is hit by Jordan Nolan and loses puck.
17:57 of 2nd period - Snap shot by Chris Mcallister.
17:57 of 2nd period - Goal by Chris Mcallister - Penguins : 1 - Flyers : 3.
17:58 of 2nd period - Andrew Cogliano wins face-off versus Jordan Nolan in neutral zone.
18:31 of 2nd period - Backhand shot by Drew Miller.
18:31 of 2nd period - Shot Misses the Net.
18:33 of 2nd period - Wrist shot by Nathan Beaulieu.
18:33 of 2nd period - Stopped by Michal Neuvirth with a rebound.
18:35 of 2nd period - Slapshot by Erik Christensen.
18:35 of 2nd period - Stopped by Michal Neuvirth without a rebound.
18:36 of 2nd period - Mats Zuccarello wins face-off versus Sean Monahan in Penguins zone.
19:07 of 2nd period - Off-side.
19:08 of 2nd period - Jeff Carter wins face-off versus Logan Couture in neutral zone.
19:14 of 2nd period - Off-side.
19:15 of 2nd period - Steven Stamkos wins face-off versus Jeff Carter in neutral zone.
19:18 of 2nd period - Snap shot by Nikita Kucherov.
19:18 of 2nd period - Stopped by Steve Mason without a rebound.
19:19 of 2nd period - Steven Stamkos wins face-off versus Jeff Carter in Flyers zone.
19:20 of 2nd period - Wrist shot by Andrew Cogliano.
19:20 of 2nd period - Stopped by Steve Mason without a rebound.
19:21 of 2nd period - Nikita Kucherov wins face-off versus Jeff Carter in Flyers zone.
19:24 of 2nd period - Wrist shot by Steven Stamkos.
19:24 of 2nd period - Shot Blocked by Marcus Kruger.
19:26 of 2nd period - Backhand shot by Andrew Cogliano.
19:26 of 2nd period - Shot Misses the Net.
19:30 of 2nd period - Slapshot by Nikita Kucherov.
19:30 of 2nd period - Shot Misses the Net.
19:32 of 2nd period - Wrist shot by Steven Stamkos.
19:32 of 2nd period - Goal by Steven Stamkos - Penguins : 2 - Flyers : 3.
19:33 of 2nd period - Jordan Nolan wins face-off versus Steven Stamkos in neutral zone.
19:44 of 2nd period - Wrist shot by Keith Aulie.
19:44 of 2nd period - Stopped by Steve Mason without a rebound.
19:45 of 2nd period - Steven Stamkos wins face-off versus Jeff Carter in Flyers zone.
Goals for this period are 2 for Penguins vs 3 for Flyers.
Shots for this period are 15 for Penguins vs 18 for Flyers.
3rd period
0:01 of 3rd period - Steven Stamkos wins face-off versus Jordan Nolan in neutral zone.
0:04 of 3rd period - Jonathan Ericsson is hit by Sean Zimmerman and loses puck.
1:03 of 3rd period - Wrist shot by Andreas Martinsen.
1:03 of 3rd period - Stopped by Steve Mason with a rebound.
1:37 of 3rd period - Slapshot by Dustin Brown.
1:37 of 3rd period - Stopped by Steve Mason without a rebound.
1:38 of 3rd period - Jordan Nolan wins face-off versus Sean Monahan in Flyers zone.
1:47 of 3rd period - Slapshot by Sean Monahan.
1:47 of 3rd period - Deflect By Jakub Voracek.
1:47 of 3rd period - Shot Misses the Net.
1:47 of 3rd period - Puck is out of play.
1:48 of 3rd period - Erik Christensen wins face-off versus Sean Monahan in Flyers zone.
2:00 of 3rd period - Snap shot by Sean Monahan.
2:00 of 3rd period - Stopped by Steve Mason without a rebound.
2:01 of 3rd period - Nikita Kucherov wins face-off versus Jordan Nolan in Flyers zone.
2:10 of 3rd period - Snap shot by Steven Stamkos.
2:10 of 3rd period - Stopped by Steve Mason without a rebound.
2:11 of 3rd period - Steven Stamkos wins face-off versus Jordan Nolan in Flyers zone.
3:43 of 3rd period - Snap shot by Jakub Voracek.
3:43 of 3rd period - Deflect By Brock Nelson.
3:43 of 3rd period - Goal by Brock Nelson - Penguins : 2 - Flyers : 4.
3:44 of 3rd period - Sean Monahan wins face-off versus Erik Christensen in neutral zone.
4:21 of 3rd period - Snap shot by J.T. Miller.
4:21 of 3rd period - Deflect By Marcus Kruger.
4:21 of 3rd period - Shot Blocked by Marcus Foligno.
4:21 of 3rd period - Puck is out of play.
4:22 of 3rd period - Matthew Lombardi wins face-off versus Sean Monahan in Penguins zone.
4:29 of 3rd period - Slapshot by Thomas Vanek.
4:29 of 3rd period - Deflect By Matthew Lombardi.
4:29 of 3rd period - Stopped by Steve Mason without a rebound.
4:30 of 3rd period - Matthew Lombardi wins face-off versus Sean Monahan in Flyers zone.
4:43 of 3rd period - Snap shot by Thomas Vanek.
4:43 of 3rd period - Shot Misses the Net.
4:45 of 3rd period - Snap shot by Thomas Vanek.
4:45 of 3rd period - Deflect By Viktor Arvidsson.
4:45 of 3rd period - Stopped by Steve Mason with a rebound.
4:47 of 3rd period - Slapshot by Eric Gryba.
4:47 of 3rd period - Stopped by Steve Mason with a rebound.
5:16 of 3rd period - Wrist shot by Thomas Vanek.
5:16 of 3rd period - Stopped by Steve Mason with a rebound.
5:20 of 3rd period - Wrist shot by Sean Monahan.
5:20 of 3rd period - Shot Blocked by Matthew Lombardi.
5:22 of 3rd period - Snap shot by Thomas Vanek.
5:22 of 3rd period - Shot Misses the Net.
5:24 of 3rd period - Snap shot by Thomas Vanek.
5:24 of 3rd period - Stopped by Steve Mason with a rebound.
5:26 of 3rd period - Wrist shot by Alexei Marchenko.
5:26 of 3rd period - Stopped by Steve Mason without a rebound.
5:27 of 3rd period - Erik Christensen wins face-off versus Steven Stamkos in Flyers zone.
6:24 of 3rd period - Snap shot by Jakub Voracek.
6:24 of 3rd period - Goal by Jakub Voracek - Penguins : 2 - Flyers : 5.
6:25 of 3rd period - Jeff Carter wins face-off versus Steven Stamkos in neutral zone.
7:21 of 3rd period - Backhand shot by Marcus Foligno.
7:21 of 3rd period - Shot Misses the Net.
8:11 of 3rd period - Off-side.
8:12 of 3rd period - Drew Miller wins face-off versus Sean Monahan in neutral zone.
8:14 of 3rd period - Off-side.
8:15 of 3rd period - Viktor Arvidsson wins face-off versus Erik Christensen in neutral zone.
8:45 of 3rd period - Icing by J.T. Miller.
8:46 of 3rd period - Steven Stamkos wins face-off versus Jeff Carter in Flyers zone.
8:51 of 3rd period - Wrist shot by Nikita Kucherov.
8:51 of 3rd period - Stopped by Steve Mason with a rebound.
9:03 of 3rd period - Backhand shot by Steven Stamkos.
9:03 of 3rd period - Stopped by Steve Mason without a rebound.
9:04 of 3rd period - Erik Christensen wins face-off versus Logan Couture in Flyers zone.
9:04 of 3rd period - Erik Christensen is hit by Marcus Foligno.
9:14 of 3rd period - Wrist shot by Logan Couture.
9:14 of 3rd period - Shot Misses the Net.
9:16 of 3rd period - Snap shot by Marcus Foligno.
9:16 of 3rd period - Stopped by Steve Mason without a rebound.
9:17 of 3rd period - Steven Stamkos wins face-off versus Jeff Carter in Flyers zone.
9:22 of 3rd period - Wrist shot by Andrew Cogliano.
9:22 of 3rd period - Stopped by Steve Mason with a rebound.
9:30 of 3rd period - Slapshot by Jeff Woywitka.
9:30 of 3rd period - Deflect By Jeff Carter.
9:30 of 3rd period - Goal by Jeff Carter - Penguins : 2 - Flyers : 6.
9:31 of 3rd period - Jordan Nolan wins face-off versus Steven Stamkos in neutral zone.
9:40 of 3rd period - Snap shot by Nikita Kucherov.
9:40 of 3rd period - Shot Misses the Net.
10:06 of 3rd period - Slapshot by Marcus Kruger.
10:06 of 3rd period - Stopped by Michal Neuvirth with a rebound.
10:51 of 3rd period - Slapshot by Matt Smaby.
10:51 of 3rd period - Stopped by Michal Neuvirth with a rebound.
11:36 of 3rd period - Off-side.
11:37 of 3rd period - Steven Stamkos wins face-off versus Erik Christensen in neutral zone.
11:37 of 3rd period - Minor Penalty to Alexei Marchenko for Holding.
11:38 of 3rd period - Steven Stamkos wins face-off versus Drew Miller in Penguins zone.
12:22 of 3rd period - Icing by Jeff Woywitka.
12:23 of 3rd period - Jeff Carter wins face-off versus Nikita Kucherov in Flyers zone.
12:23 of 3rd period - Jeff Carter is hit by Nikita Kucherov.
13:05 of 3rd period - Wrist shot by Marcus Kruger.
13:05 of 3rd period - Stopped by Michal Neuvirth with a rebound.
13:07 of 3rd period - Slapshot by Jonathan Ericsson.
13:07 of 3rd period - Shot Blocked by Danny DeKeiser.
13:09 of 3rd period - Slapshot by Marcus Kruger.
13:09 of 3rd period - Shot Misses the Net.
13:37 of 3rd period - Penalty to Alexei Marchenko is over, Alexei Marchenko is back on ice.
13:47 of 3rd period - Slapshot by Jeff Carter.
13:47 of 3rd period - Deflect By Marcus Kruger.
13:47 of 3rd period - Shot Blocked by Keith Aulie.
13:47 of 3rd period - Puck is out of play.
13:48 of 3rd period - Logan Couture wins face-off versus Jordan Nolan in Penguins zone.
14:12 of 3rd period - Icing by Alexei Marchenko.
14:13 of 3rd period - Logan Couture wins face-off versus Erik Christensen in Penguins zone.
15:05 of 3rd period - Slapshot by Sean Zimmerman.
15:05 of 3rd period - Shot Misses the Net.
15:07 of 3rd period - Snap shot by Keith Aulie.
15:07 of 3rd period - Stopped by Steve Mason with a rebound.
15:09 of 3rd period - Snap shot by Sean Monahan.
15:09 of 3rd period - Shot Blocked by Ryan Callahan.
15:11 of 3rd period - Snap shot by Sean Monahan.
15:11 of 3rd period - Shot Misses the Net.
15:13 of 3rd period - Wrist shot by Viktor Arvidsson.
15:13 of 3rd period - Shot Blocked by Chris Mcallister.
15:15 of 3rd period - Slapshot by Sean Zimmerman.
15:15 of 3rd period - Deflect By Viktor Arvidsson.
15:15 of 3rd period - Stopped by Steve Mason with a rebound.
15:17 of 3rd period - Wrist shot by Sean Monahan.
15:17 of 3rd period - Shot Misses the Net.
15:19 of 3rd period - Wrist shot by Viktor Arvidsson.
15:19 of 3rd period - Goal by Viktor Arvidsson - Penguins : 3 - Flyers : 6.
15:20 of 3rd period - Jeff Carter wins face-off versus Steven Stamkos in neutral zone.
15:22 of 3rd period - Minor Penalty to Jeff Carter for Roughing.
15:23 of 3rd period - Steven Stamkos wins face-off versus Jordan Nolan in Flyers zone.
17:05 of 3rd period - Dylan Olsen is hit by Dustin Brown and loses puck.
17:22 of 3rd period - Penalty to Jeff Carter is over, Jeff Carter is back on ice.
17:33 of 3rd period - Minor Penalty to Marian Hossa for Hooking.
17:34 of 3rd period - Jeff Carter wins face-off versus Steven Stamkos in Penguins zone.
19:33 of 3rd period - Penalty to Marian Hossa is over, Marian Hossa is back on ice.
Goals for this period are 1 for Penguins vs 3 for Flyers.
Shots for this period are 17 for Penguins vs 6 for Flyers.